 Dungeon Crawl Stone Soup version 0.29.1-4-g47bece8355 (webtiles) character file.

Game seed: 6983831113571326021

8456 iamoutofideas the Severer (level 11, -7/86 HPs)
             Began as a Hill Orc Berserker on Dec 8, 2022.
             Was an Elder of Trog.
             Mangled by a large abomination (20 damage)
             ... on level 3 of the Abyss.
             The game lasted 00:14:28 (11782 turns).

iamoutofideas the Severer (Hill Orc Berserker)     Turns: 11782, Time: 00:14:29

Health: -7/86      AC: 23    Str: 25    XL:     11   Next: 31%
Magic:  11/11      EV:  7    Int:  7    God:    Trog [****..]
Gold:   542        SH:  9    Dex: 10    Spells: 10/10 levels left

rFire   . . .      SeeInvis .   A - +1 war axe
rCold   . . .      Faith    .   b - +4 buckler "Dosaid" {rCorr}
rNeg    + . .      Spirit   .   I - +4 plate armour {rN+}
rPois   .          Reflect  .   C - +1 helmet
rElec   .          Harm     .   e - +0 cloak
rCorr   +          Rampage  .   x - +0 pair of gloves
Will    .....                   D - +0 pair of boots
Stlth   ..........              (no amulet)
HPRegen 0.24/turn               (no ring)
MPRegen 0.12/turn               (no ring)

@: no status effects
A: no striking features
a: Renounce Religion, Berserk, Trog's Hand, Brothers in Arms


You were on level 3 of the Abyss.
You worshipped Trog.
Trog was greatly pleased with you.
You visited 2 branches of the dungeon, and saw 12 of its levels.
You visited the Abyss 1 time.
You also visited: Bailey.

You collected 760 gold pieces.
You spent 218 gold pieces at shops.

Inventory:

Hand Weapons
 a - a +0 hand axe
 h - a +2 battleaxe
 A - a +1 war axe (weapon)
Missiles
 B - a throwing net (quivered)
Armour
 b - the +4 buckler "Dosaid" (worn) {rCorr}
   (You bought it in a shop on level 6 of the Dungeon)

   rCorr:     It protects you from acid and corrosion.
 e - a +0 cloak (worn)
 m - a scarf of repulsion
 x - a +0 pair of gloves (worn)
 C - a +1 helmet (worn)
 D - a +0 pair of boots (worn)
 I - a +4 plate armour of positive energy (worn)
 J - +2 fire dragon scales
Wands
 p - a wand of polymorph (3)
 s - a wand of mindburst (11)
 v - a wand of iceblast (7)
 H - a wand of flame (16)
Scrolls
 d - 3 scrolls of poison
 f - 3 scrolls of teleportation
 g - a scroll of identify
 o - a scroll of silence
 q - 2 scrolls of enchant armour
 t - 2 scrolls of immolation
 w - 2 scrolls of amnesia
 y - a scroll of enchant weapon
Potions
 c - a potion of curing
 i - a potion of invisibility
 j - 3 potions of berserk rage {unknown}
 k - a potion of heal wounds {unknown}
 l - 5 potions of mutation
 n - a potion of degeneration {unknown}
 r - a potion of haste
 u - 3 potions of magic
 F - a potion of might {unknown}
 G - 2 potions of brilliance {unknown}


   Skills:
 - Level 5.0 Fighting
 + Level 18.7 Axes
 + Level 6.9 Armour
 + Level 2.3 Dodging
 + Level 6.3 Shields


You had 10 spell levels left.
You didn't know any spells.
Your spell library contained the following spells:

 Spells                   Type           Power      Damage    Failure   Level
 Beastly Appendage        Tmut           0%         N/A       100%        1
 Magic Dart               Conj           0%         1d3       100%        1
 Shock                    Conj/Air       0%         1d3       100%        1
 Sting                    Tmut/Pois      0%         1d3       100%        1
 Ensorcelled Hibernation  Hex/Ice        0%         N/A       100%        2
 Passwall                 Tmut/Erth      0%         N/A       100%        2
 Poisonous Vapours        Pois/Air       0%         N/A       100%        2
 Searing Ray              Conj           0%         2d4       100%        2
 Sublimation of Blood     Necr           0%         N/A       100%        2
 Wereblood                Tmut           0%         N/A       100%        2
 Spider Form              Tmut/Pois      0%         N/A       100%        3
 Swiftness                Air            0%         N/A       100%        3
 Airstrike                Air            0%         2d(0-16)  100%        4
 Corpse Rot               Necr/Pois/Air  0%         N/A       100%        4
 Fulminant Prism          Conj/Hex       0%         3d6       100%        4
 Petrify                  Tmut/Erth      0%         N/A       100%        4
 Blade Hands              Tmut           0%         N/A       100%        5
 Borgnjor's Vile Clutch   Necr/Erth      0%         N/A       100%        5
 Irradiate                Conj/Tmut      0%         3d11      100%        5
 Eringya's Noxious Bog    Tmut/Pois      0%         N/A       100%        6
 Dragon Form              Tmut           0%         N/A       100%        7


Dungeon Overview and Level Annotations

Branches:
Dungeon (11/15)            Temple (1/1) D:5            Lair (0/5) D:10
    Orc (0/2) D:10         Bailey (visited)

Altars:
Ashenzari
Cheibriados
Dithmenos
Elyvilon
Fedhas
Gozag
Hepliaklqana
Kikubaaqudgha
Makhleb
Nemelex Xobeh
Okawaru
Qazlal
Ru
Sif Muna
Trog
Uskayaw
Vehumet
Wu Jian
Xom
Yredelemnul
Zin
The Shining One

Shops:
D:1 (   D:6 [   D:7 :   D:8 *


Message History

You hear a shout!
You hear a deafening roar!
You hear two shouts!
You hear a screech!
You hear an angry hiss.
You hear a howl!
You hear a bellow!
There is a runelight here.
You hear a shout!
You hear an angry buzzing noise.
You hear a trumpeting!
You hear a deafening roar!
There is a runelight here.
Okay, then.
There is a runelight here.
There is a runelight here.
You enter the shallow water.
Moving in this stuff is going to be slow.
You hear a horrible gurgling sound!
You hear a screech!
You hear a roar!
You hear an angry hiss.
A large abomination comes into view.
The abyss shimmers again as the detected abyssal rune vanishes from your memory and reappears.
Unknown command.
You hear a roar!
You hear two shouts!
You hear a croak.
You enter the shallow water.
Moving in this stuff is going to be slow.
The large abomination attacks as you move away!
You block the large abomination's attack.
A spatial vortex comes into view.
You hear a shout!
The large abomination attacks as you move away!
The large abomination hits you!!
You hear an angry hiss.
The large abomination hits you!!
A spatial vortex comes into view. x2
A spatial vortex comes into view.
The large abomination hits you!!
* * * LOW HITPOINT WARNING * * *
You hear a shout!
You block the large abomination's attack.
The large abomination attacks as you move away!
The large abomination hits you!!
You die...

## ~≈.# .....#
≈~~# .v...#
#~~≈####..§.# ##
#.~≈~#..v##.###.#
#~♣~§.v...#. ..
#~~~..##.##..#
##≈~≈.#....##..#
#..@X~§.##..# ##
#.....###♣~~.#.#
.....## #######
..#. # #


You could see 3 spatial vortices and a large abomination.

Vanquished Creatures
  A two-headed ogre (D:8)
  A manticore (D:11)
  A gargoyle (Bailey)
  Maggie (D:9)
  A troll (D:10)
  Sigmund (D:6)
  A vampire (Bailey)
  Eustachio (D:6)
  A wraith (D:9)
  12 yaks
  A steam dragon (D:7)
  2 vampire mosquitoes (D:10)
  A water moccasin (D:8)
  A sky beast (D:8)
  An ice beast (D:6)
  A black bear (D:5)
  4 orc warriors
  An ogre (D:6)
  3 centaurs
  2 phantoms
  A kobold brigand (D:9)
  Blork the orc (D:6)
  A gnoll sergeant (D:10)
  A bullfrog (D:8)
  2 scorpions
  5 wights (D:7)
  4 killer bees (D:10)
  8 vampire bats (Bailey)
  5 howler monkeys
  8 wolf zombies (Bailey)
  A crimson imp (D:8)
  2 jellies
  7 orc priests
  2 gnoll boudas
  A hound (D:4)
  3 iguanas
  Ijyb (D:3)
  10 orc wizards
  13 gnolls
  8 adders
  2 shadow imps
  A white imp (D:5)
  3 ufetubi
  4 dart slugs
  33 orcs
  3 ball pythons (D:2)
  8 endoplasms
  3 giant cockroaches (D:4)
  10 goblins
  16 hobgoblins
  6 jackals
  4 quokkas
  3 bats
  8 frilled lizards
  13 kobolds
  22 orc zombies (Bailey)
  A rat (D:1)
262 creatures vanquished.

Vanquished Creatures (others)
  A fire dragon (Abyss:3)
  A fire bat (Abyss:3)
  A chaos spawn (Abyss:3)
  8 plants
11 creatures vanquished.

Grand Total: 273 creatures vanquished

Notes
Turn   | Place    | Note
-------+----------+-------------------------------------------
     0 | D:1      | iamoutofideas the Hill Orc Berserker began the quest for
                  | the Orb.
     0 | D:1      | Reached XP level 1. HP: 19/19 MP: 1/1
   278 | D:1      | Reached XP level 2. HP: 22/26 MP: 2/2
   530 | D:1      | Found Ugheshaq's Weapon Emporium.
   544 | D:1      | Reached skill level 5 in Axes
   769 | D:1      | Reached XP level 3. HP: 31/31 MP: 3/3
  1212 | D:2      | Reached skill level 6 in Axes
  1438 | D:2      | Reached ** piety under Trog
  1794 | D:2      | Reached XP level 4. HP: 33/39 MP: 4/4
  2303 | D:3      | Found a faded altar of an unknown god.
  2317 | D:3      | Noticed Ijyb
  2328 | D:3      | Killed Ijyb
  2329 | D:3      | Reached skill level 7 in Axes
  2525 | D:3      | Reached XP level 5. HP: 45/45 MP: 5/5
  2603 | D:3      | Found a bloodstained altar of Trog.
  2762 | D:3      | Found a sacrificial altar of Ru.
  3164 | D:4      | Reached skill level 8 in Axes
  3184 | D:4      | Reached XP level 6. HP: 44/51 MP: 6/6
  3253 | D:4      | Found a glowing golden altar of the Shining One.
  3335 | D:4      | Got the Collected Works on Toxins and Wicked Deeds
  3367 | D:4      | Reached skill level 9 in Axes
  3455 | D:4      | Found an iron altar of Okawaru.
  3643 | D:4      | Reached *** piety under Trog
  4011 | D:5      | Entered Level 5 of the Dungeon
  4047 | D:5      | Found a broken altar of Ashenzari.
  4066 | D:5      | Noticed a black bear
  4079 | D:5      | Killed a black bear
  4080 | D:5      | Reached skill level 10 in Axes
  4123 | D:5      | Reached XP level 7. HP: 50/57 MP: 7/7
  4228 | D:5      | Found a hide-covered altar of Uskayaw.
  4473 | D:5      | Found a staircase to the Ecumenical Temple.
  4489 | D:5      | Reached skill level 11 in Axes
  4830 | D:6      | Noticed Eustachio
  4830 | D:6      | Noticed Blork the orc
  4836 | D:6      | Killed Blork the orc
  4850 | D:6      | Killed Eustachio
  4851 | D:6      | Reached skill level 12 in Axes
  4851 | D:6      | Reached XP level 8. HP: 41/64 MP: 8/8
  5001 | D:6      | Found Leruwata's Antique Armour Boutique.
  5011 | D:6      | Noticed Sigmund
  5023 | D:6      | Killed Sigmund
  5098 | D:6      | Reached skill level 13 in Axes
  5402 | Temple   | Entered the Ecumenical Temple
  5872 | D:6      | Found a stormy altar of Qazlal.
  5898 | D:6      | Bought a transparent buckler for 218 gold pieces
  5898 | D:6      | Identified the +4 buckler "Dosaid" {rCorr} (You bought it
                  | in a shop on level 6 of the Dungeon)
  5926 | D:6      | Reached skill level 14 in Axes
  6272 | D:6      | Found a shimmering altar of Xom.
  6471 | D:7      | Reached XP level 9. HP: 71/71 MP: 9/9
  6545 | D:7      | Found Letruxt's Book Boutique.
  6682 | D:7      | Found a shadowy altar of Dithmenos.
  6960 | D:7      | Found a flagged portal.
  6969 | Bailey   | Entered a bailey
  7145 | Bailey   | Noticed a gargoyle
  7157 | Bailey   | Killed a gargoyle
  7158 | Bailey   | Reached skill level 15 in Axes
  7158 | Bailey   | Reached skill level 1 in Shields
  8028 | Bailey   | Reached skill level 16 in Axes
  8432 | D:7      | Reached skill level 5 in Fighting
  8702 | D:8      | Reached XP level 10. HP: 81/81 MP: 10/10
  8959 | D:8      | Reached skill level 17 in Axes
  8990 | D:8      | Noticed a two-headed ogre
  9181 | D:8      | Killed a two-headed ogre
  9297 | D:8      | Found a snail-covered altar of Cheibriados.
  9313 | D:8      | Found Muni's Overcharged Wands.
  9605 | D:8      | Found a radiant altar of Vehumet.
  9605 | D:8      | Found a burning altar of Makhleb.
  9752 | D:8      | Found a basalt altar of Yredelemnul.
 10151 | D:9      | Reached **** piety under Trog
 10152 | D:9      | Reached skill level 5 in Shields
 10242 | D:9      | Noticed Maggie
 10255 | D:9      | Killed Maggie
 10256 | D:9      | Reached skill level 5 in Armour
 10281 | D:9      | You fall into a shaft and drop 2 floors!
 10370 | D:11     | Noticed a manticore
 10379 | D:11     | Killed a manticore
 10380 | D:11     | Reached skill level 18 in Axes
 10447 | D:10     | Entered Level 10 of the Dungeon
 10453 | D:10     | Found a white marble altar of Elyvilon.
 10507 | D:10     | Reached XP level 11. HP: 86/86 MP: 11/11
 10530 | D:10     | Found a staircase to the Orcish Mines.
 10773 | D:10     | Found a staircase to the Lair.
 11546 | D:9      | Noticed a wizard
 11556 | Abyss:3  | Cast into level 3 of the Abyss (a wizard)
 11603 | Abyss:3  | Noticed a large abomination
 11701 | Abyss:3  | Noticed a thrashing horror
 11701 | Abyss:3  | Noticed a thrashing horror
 11705 | Abyss:3  | Noticed a thrashing horror
 11769 | Abyss:3  | Noticed a large abomination
 11779 | Abyss:3  | Killed a fire dragon
 11782 | Abyss:3  | Mangled by a large abomination

Illustrated notes

Levels and vault maps discovered:
D:1:      minmay_arrival_widening_spiral_wide, layout_loops_ring, serial_shops,
          nicolae_square_shop
D:2:      minmay_door_path, layout_loops_ring
D:3:      layout_rooms, mainiacjoe_overflow_alcove_1, lemuel_crystal_altar,
          hellmonk_ecumenical_altar_run_dry, minmay_lizard_king, uniq_ijyb
D:4:      corexii_shack_village, layout_basic, kennysheep_mini_moat,
          mainiacjoe_overflow_boulevard, grunt_decor_one_mirror
D:5:      layout_basic, nicolae_uskayaw_suspiria, evilmike_ruin_ashenzari,
          minmay_temple_entry_trees
D:6:      layout_rooms, tgw_xom, kennysheep_mini, serial_shops, shop,
          chequers_serial_rivers_room_a, uniq_eustachio, uniq_sigmund,
          uniq_blork_the_orc
D:7:      layout_basic, amcnicky_altar_gilded, enter_bailey_2, serial_shops,
          nicolae_shop_advertising_works [nicolae_subvault_shop_adworks]
D:8:      layout_basic, grunt_temple_overflow_lords_of_destruction,
          old_standard_altar, kennysheep_slug_shrine, serial_rivers,
          chequers_serial_rivers_large_a, chequers_serial_rivers_micro_a,
          chequers_serial_rivers_micro_b, chequers_serial_rivers_micro_c,
          chequers_serial_rivers_small_b, nicolae_shop_overcharged_wands
D:9:      layout_basic, serial_shops, nicolae_shop_statue_plus, laboratory,
          uniq_maggie, uniq_psyche
D:10:     layout_big_octagon, lemuel_crystal_altar, lair_entry_dummy,
          david_orc_3
D:11:     layout_basic
Temple:   nicolae_temple_bog_church
Abyss:3:  base: D:4, minivault_28, hangedman_decor_peaks_small,
          due_evilmike_abyss_rune_seething_liches,
          due_evilmike_abyss_rune_seething_liches

Skill      XL: |  1  2  3  4  5  6  7  8  9 10 11 |
---------------+----------------------------------+-----
Axes           | 5 6 7 8 10 12 14 16 18 | 18.7
Fighting       | 4 5 |  5.0
Shields        | 4 5 6 |  6.3
Armour         | 3 6 |  6.9
Dodging        | 2 |  2.3

Action                   |  1- 3 |  4- 6 |  7- 9 | 10-12 || total
-------------------------+-------+-------+-------+-------++-------
Melee: Hand axe          |   110 |   207 |   201 |       ||   518
       Punch             |       |     4 |     3 |       ||     7
       War axe           |       |       |   148 |   217 ||   365
Invok: Berserk           |     1 |     4 |    12 |    10 ||    27
       Trog's Hand       |       |     1 |     4 |     3 ||     8
  Use: Scroll            |     1 |     1 |    11 |     8 ||    21
       Potion            |       |       |     5 |     2 ||     7
Armor: Leather armour    |    38 |       |       |       ||    38
       Animal skin       |     1 |       |       |       ||     1
       Ring mail         |       |    85 |    70 |       ||   155
       Plate armour      |       |       |    63 |   131 ||   194
       Scale mail        |       |       |    30 |       ||    30
Dodge: Dodged            |    50 |   117 |   153 |    43 ||   363
Block: Buckler           |       |       |    17 |    61 ||    78
